 Dungeon Crawl Stone Soup version 0.21.0-37-g46506fa (webtiles) character file.

123 Kurtz the Ducker (level 5, -7/36 HPs)
             Began as an Octopode Abyssal Knight on Jan 30, 2018.
             Was a Follower of Lugonu.
             Mangled by a mana viper (22 damage)
             ... on level 3 of the Abyss.
             The game lasted 00:01:28 (166 turns).

Kurtz the Ducker (Octopode Abyssal Knight)           Turns: 166, Time: 00:01:29

Health: -7/36      AC:  1    Str: 13    XL:     5   Next: 7%
Magic:  1/6        EV: 14    Int: 14    God:    Lugonu [*.....]
Gold:   98         SH:  0    Dex: 11    Spells: 4/4 levels left

rFire    . . .     SeeInvis .   a - +1 spear
rCold    . . .     Gourm    .   (no shield)
rNeg     . . .     Faith    .   (helmet restricted)
rPois    .         Spirit   .   (no amulet)
rElec    .         Reflect  .   (no ring)
rCorr    .         Harm     .   (no ring)
MR       .....     Clarity  +   (no ring)
Stlth    ++........             (no ring)
HPRegen  0.12/turn              (no ring)
MPRegen  0.10/turn              (no ring)
                                (no ring)
                                (no ring)

@: no status effects
A: almost no armour, stealthy swim, amphibious, 8 rings, constrict 8, tentacle
spike 1, camouflage 1, clarity, gelatinous body 1
a: Depart the Abyss, Renounce Religion


You were on level 3 of the Abyss.
You worshipped Lugonu.
Lugonu was aware of your devotion.
You were not hungry.

You visited 0 branches of the dungeon, and saw 0 of its levels.
You visited the Abyss 1 time.

You collected 98 gold pieces.

Inventory:

Hand Weapons
 a - a +1 spear (weapon)
Scrolls
 c - a scroll of fear {unknown}
 f - a scroll of magic mapping {unknown}
Miscellaneous
 d - a lightning rod (inert)
Comestibles
 b - 3 rations


   Skills:
 - Level 3.0 Fighting
 * Level 3.4 Polearms
 + Level 3.4 Dodging
 - Level 2.0 Invocations
 * Level 2.6 Evocations


You had 4 spell levels left.
You didn't know any spells.

Dungeon Overview and Level Annotations

Branches:
Dungeon (0/15)

Altars:


Innate Abilities, Weirdness & Mutations

You cannot wear most types of armour.
You are very stealthy in the water. (Stealth+)
You are amphibious.
You can wear up to eight rings at the same time.
You can use your tentacles to constrict eight enemies at once.
Your skin changes colour to match your surroundings (Stealth+).
Your rubbery body absorbs attacks. (AC +1, EV +1)
One of your tentacles bears a spike.
You possess an exceptional clarity of mind.


Message History

Aim: a mana viper (lightly wounded)
The thunderbolt hits the mana viper.
The mana viper is moderately wounded.
The mana viper bites you!!
Ouch! That really hurt!
You feel your power leaking away. The mana viper closely misses you.
Aiming: Thunderbolt
Press: ? - help, Shift-Dir - straight line, f/p - mana viper
Aim: a mana viper (moderately wounded)
The thunderbolt hits the mana viper.
The mana viper is almost dead.
The lightning rod overheats!
The mana viper bites you but does no damage.
It was a potion of mutation.
You feel extremely strange.
Your thoughts seem clearer.
One of your lower tentacles grows a sharp spike.
The mana viper bites you!!
Ouch! That really hurt!
You die...

. ....#. #. #.#..##
. ##..
..#.###.####.#.## .
... #.#...#. #.. .
.#.. #..
#...#..#.##..# # .
#.# #.#..#..####.
#.#. #..##.#......#.
.. # #...#..##..#
#..#. #
...#S#...##.#.# .# .
#..#..##@....##....#
. # #.
###..#.##..##.#.# ##
#.#.## ##.##.# ##..
.... ..# # . # #..##
#. . # #. #. ##


You could see a mana viper.

Vanquished Creatures
  A hungry ghost (Abyss:2)
1 creature vanquished.

Notes
Turn   | Place    | Note
-------+----------+-------------------------------------------
     0 | Abyss:1  | Kurtz the Octopode Abyssal Knight began the quest for the Orb.
     0 | Abyss:1  | Reached XP level 1. HP: 16/16 MP: 2/2
    26 | Abyss:2  | Noticed a small abomination
    31 | Abyss:2  | Noticed a thrashing horror
    41 | Abyss:2  | Noticed a ynoxinul
    82 | Abyss:2  | Noticed a hungry ghost
    89 | Abyss:2  | Killed a hungry ghost
    89 | Abyss:2  | Reached XP level 2. HP: 21/21 MP: 3/3
    89 | Abyss:2  | Reached XP level 3. HP: 26/26 MP: 4/4
    89 | Abyss:2  | Reached XP level 4. HP: 31/31 MP: 5/5
    89 | Abyss:2  | Reached XP level 5. HP: 36/36 MP: 6/6
   160 | Abyss:3  | Noticed a mana viper
   166 | Abyss:3  | Gained mutation: You possess an exceptional clarity of mind. [potion of mutation]
   166 | Abyss:3  | Gained mutation: One of your tentacles bears a spike. [potion of mutation]
   166 | Abyss:3  | Mangled by a mana viper

Skill      XL: |  1 |
---------------+----+-----
Polearms       | 3 |  3.4
Dodging        | 3 |  3.4
Evocations     | 2 |  2.6
Fighting       | |  3.0
Invocations    | |  2.0

Action                   |  1- 3 |  4- 6 || total
-------------------------+-------+-------++-------
Evoke: Lightning rod     |     2 |     4 ||     6
  Use: Potion            |       |     1 ||     1
Armor: Skin              |       |     1 ||     1
Dodge: Dodged            |     1 |     1 ||     2
